 Dungeon Crawl Stone Soup version 0.30-a0-802-gb92711bcdf (webtiles) character file.

Game seed: 11669795577035585878

80 cforsyth the Sneak (level 4, -3/28 HPs)
             Began as a Kobold Brigand on Feb 25, 2023.
             Slain by a gnoll
             ... wielding a +0 whip
              (8 damage)
             ... on level 3 of the Dungeon.
             The game lasted 00:01:35 (2346 turns).

cforsyth the Sneak (Kobold Brigand)                 Turns: 2346, Time: 00:01:36

Health: -3/28      AC:  3    Str:  8    XL:     4   Next: 65%
Magic:  4/4        EV: 15    Int: 12    God:
Gold:   70         SH:  0    Dex: 18    Spells: 3/3 levels left

rFire   . . .      SeeInvis .    a - +2 dagger
rCold   . . .      Faith    .    (no shield)
rNeg    . . .      Spirit   .    b - +0 robe
rPois   .          Reflect  .    (no helmet)
rElec   .          Harm     .    c - +0 cloak
rCorr   .          Rampage  .    (no gloves)
Will    .....                    (no boots)
Stlth   ++                       (no amulet)
HPRegen 0.24/turn                (no ring)
MPRegen 0.09/turn                (no ring)

@: confused, ambrosia-drunk
A: small, no large weapons, nightstalker 3
a: no special abilities


You were on level 3 of the Dungeon.
You visited 1 branch of the dungeon, and saw 3 of its levels.

You collected 70 gold pieces.

Inventory:

Hand Weapons
 a - a +2 dagger (weapon)
Missiles
 d - 9 poisoned darts (quivered)
 e - 3 curare-tipped darts
 j - 2 atropa-tipped darts
Armour
 b - a +0 robe (worn)
 c - a +0 cloak (worn)
Jewellery
 u - an amulet of the acrobat
Wands
 m - a wand of polymorph (6)
Scrolls
 f - a scroll of amnesia {unknown}
 i - 2 scrolls of vulnerability {unknown}
 k - 4 scrolls of teleportation {unknown}
 p - a scroll of identify {unknown}
 r - a scroll of immolation {unknown}
Potions
 g - 4 potions of curing {unknown}
 h - a potion of attraction {unknown}
 l - a potion of ambrosia
 n - a potion of berserk rage {unknown}
 o - a potion of degeneration {unknown}
 q - 2 potions of resistance {unknown}
 s - a potion of might {unknown}
 t - a potion of lignification {unknown}
 v - a potion of invisibility {unknown}


   Skills:
 + Level 3.1 Fighting
 + Level 3.7 Short Blades
 - Level 2.1 Throwing
 + Level 2.5 Dodging
 + Level 6.1 Stealth


You had 3 spell levels left.
You didn't know any spells.
Your spell library was empty.

Dungeon Overview and Level Annotations

Branches:
Dungeon (3/15)

Altars:

Annotations:
D:2 1 runed translucent door, Crazy Yiuf


Innate Abilities, Weirdness & Mutations

You are small and have problems with some larger weapons.
You are completely attuned to the shadows.


Message History

You hit the gnoll.
You kill the gnoll!
The gnoll hits you with a +0 flail!
You hit the gnoll but do no damage. The gnoll closely misses you.
You hit the gnoll.
The gnoll is lightly wounded.
The gnoll hits you with a +0 whip! The gnoll closely misses you.
You are too injured to fight recklessly!
You are too injured to fight recklessly!
You are too injured to fight recklessly!
You are too injured to fight recklessly!
You are too injured to fight recklessly!
You are too injured to fight recklessly!
You are too injured to fight recklessly!
You are too injured to fight recklessly!
You are too injured to fight recklessly!
You are too injured to fight recklessly!
The gnoll attacks as you move away! The gnoll barely misses you.
You are too injured to fight recklessly!
You hit the gnoll.
The gnoll is moderately wounded.
You closely miss the gnoll.
The gnoll is moderately wounded.
The gnoll hits you but does no damage.
You hit the gnoll.
The gnoll is heavily wounded.
The gnoll hits you with a +0 whip.
* * * LOW HITPOINT WARNING * * *
You hit the gnoll.
The gnoll is severely wounded.
The gnoll hits you with a +0 whip.
* * * LOW HITPOINT WARNING * * *
You hit the gnoll.
The gnoll is severely wounded.
The gnoll hits you with a +0 whip.
* * * LOW HITPOINT WARNING * * *
It was a potion of ambrosia.
You are confused.
You feel invigorated. The gnoll hits you with a +0 whip!
You die...

####### ##### ## ......#
####...###. #######
......#####........#. #.....#
.....g.............#. #.....#
...)...............#. ##.....#
#####g#.#............ #....†.+
....@##.#.....#......
#.##...#......#.##.....#.....†
#.#...........##.##....#......
####.#.###.......###.#.#.#####...
#....#..##.#+######_##.#.#.......
#.##.#<....#.....#.###.#.#.......
#.#####.####.....##.##...........
#..........#>.....##.#.#.#.(....#
#######.......###.#.##.#.#....###


You could see 2 gnolls.

Vanquished Creatures
  Jessica (D:2)
  A gnoll (D:3)
  An adder (D:3)
  A dart slug (D:3)
  A worm (D:3)
  3 endoplasms
  5 giant cockroaches
  4 goblins
  3 hobgoblins
  A kobold (D:2)
  4 ball pythons
  2 frilled lizards
  3 rats
30 creatures vanquished.

Notes
Turn   | Place    | Note
-------+----------+-------------------------------------------
     0 | D:1      | cforsyth the Kobold Brigand began the quest for the Orb.
     0 | D:1      | Reached XP level 1. HP: 12/12 MP: 1/1
   223 | D:1      | Reached XP level 2. HP: 18/18 MP: 2/2
   520 | D:2      | Noticed Jessica
   539 | D:2      | Killed Jessica
   540 | D:2      | Reached XP level 3. HP: 11/22 MP: 3/3
   735 | D:2      | Found a runed translucent door.
   738 | D:2      | Noticed Crazy Yiuf
  1251 | D:2      | Reached XP level 4. HP: 27/27 MP: 4/4
  1898 | D:3      | Reached skill level 6 in Stealth
  2322 | D:3      | Found a faded altar of an unknown god.
  2346 | D:3      | Slain by a gnoll

Illustrated notes

Levels and vault maps discovered:
D:1:      lightli_arrival_boilingwater, layout_rooms
D:2:      layout_loops_corners, kennysheep_generic_room_10, uniq_jessica,
          uniq_crazy_yiuf_cottage
D:3:      layout_basic, chequers_ecumenical_altar_twisty,
          nicolae_underground_beach

Skill      XL: |  1  2  3  4 |
---------------+-------------+-----
Short Blades   | 3 |  3.7
Dodging        | 2 |  2.5
Stealth        | 6 |  6.1
Fighting       | 3 |  3.1
Throwing       | |  2.1

Action                     |  1- 3 |  4- 6 || total
---------------------------+-------+-------++-------
  Melee: Dagger            |    43 |    29 ||    72
    Use: Potion            |       |     1 ||     1
   Stab: Sleeping          |     8 |     8 ||    16
 Armour: Robe              |     4 |     5 ||     9
  Dodge: Dodged            |    14 |    11 ||    25

Table legend: (Time is in decaauts)
 A = Elapsed time spent in this place.
 B = Non-inter-level travel time spent in this place.
 C = Inter-level travel time spent in this place.
 D = Time resting spent in this place.
 E = Time spent auto-exploring this place.
 F = Levels seen in this place.
 G = Mean time per level.
                   A        B        C        D        E       F      G
               +--------+--------+--------+--------+--------+-----+--------+
         Total |   2343 |   2275 |     68 |      0 |   2060 |   3 |  781.0 |
       Dungeon |   2343 |   2275 |     68 |      0 |   2060 |   3 |  781.0 |
               +--------+--------+--------+--------+--------+-----+--------+

Top non-repeatable levels by time:
     D:2: 1174 daAuts
     D:3: 726 daAuts
     D:1: 442 daAuts
